AoeStats
← MGLZY

Pilgrims

509113499Analyzed
2v2 RM · 8d ago on Sep 25, 2026· 24m 18s· 4 players
Game mode
Random Map
Map size
Medium (4 player)
Population
200
Speed
Normal
Resources
Standard
Victory
Conquest
Starting age
Dark Age
Ending age
Imperial Age
RankedLock teamsTeams togetherTeam positionsShared explorationLock speedFull tech treeHidden civsTurbo modeCheats
Victory
Defeat
🇨🇿 Ethiopians · Czechia
1114
+13
🇰🇿 Varangians · Kazakhstan
1098
+14
🇨🇳 Portuguese · China
1055
-14
🇨🇳 Spanish · China
1053
-13
Ondai
13:12 Feudal Age
19:22 Double-Bit Axe
22:20 Castle Age
21:34 Padded Archer Armor
21:59 Fletching
22:02 Gold Mining
22:03 Stone Mining
24:12 Medium Warships
23:43 Fishing Lines
nurlan-c
3:42 Loom
11:17 Feudal Age
12:55 Wheelbarrow
15:55 Castle Age
14:59 Gold Mining
18:40 Scale Barding Armor
18:40 Town Watch
20:00 Hand Cart
20:15 Fletching
20:49 Chain Barding Armor
22:37 Horse Collar
MCZZY
6:35 Loom
16:19 Feudal Age
22:03 Castle Age
19:59 Fletching
22:51 Thumb Ring
22:06 Crossbowman
22:53 Stone Mining
MGLZY
3:53 Loom
12:12 Feudal Age
16:07 Fletching
Connection lost

Rejoining the realm…

Still unreachable

The connection could not be restored.

Session expired

The server has moved on; the page needs a fresh start.